 Dungeon Crawl Stone Soup version 0.26-a0-958-gf3041fb45f (webtiles) character file.

Game seed: 11463446736314198536

34 KristoblXynda the Slasher (level 3, -6/30 HPs)
             Began as a Draconian Gladiator on Nov 30, 2020.
             Killed from afar by Natasha (9 damage)
             ... with a magic dart
             ... on level 2 of the Dungeon.
             The game lasted 00:00:58 (1086 turns).

KristoblXynda the Slasher (Draconian Gladiator)     Turns: 1086, Time: 00:00:58

Health: -6/30      AC:  5    Str: 16    XL:     3   Next: 14%
Magic:  3/3        EV: 13    Int:  9    God:
Gold:   58         SH:  0    Dex: 12    Spells: 2/2 levels left

rFire    . . .     SeeInvis .   a - +0 long sword
rCold    . . .     Faith    .   (no shield)
rNeg     . . .     Spirit   .   (armour unavailable)
rPois    .         Reflect  .   b - +0 hat
rElec    .         Harm     .   (no cloak)
rCorr    .         Rampage  .   (no gloves)
MR       .....                  (no boots)
Stlth    +.........             (no amulet)
HPRegen  0.10/turn              (no ring)
MPRegen  0.08/turn              (no ring)

@: mighty
A: unfitting armour, cold-blooded, AC +5
a: no special abilities


You were on level 2 of the Dungeon.
You visited 1 branch of the dungeon, and saw 2 of its levels.

You collected 58 gold pieces.

Inventory:

Hand Weapons
 a - a +0 long sword (weapon)
Missiles
 c - 3 throwing nets (quivered)
Armour
 b - a +0 hat (worn)
Scrolls
 d - a scroll of remove curse {unknown}
 i - 2 scrolls of identify {unknown}
Potions
 f - a potion of degeneration {unknown}
 g - a potion of lignification {unknown}
 h - a potion of heal wounds {unknown}
 j - a potion of curing {unknown}


   Skills:
 + Level 2.7 Fighting
 * Level 3.5 Long Blades
 - Level 2.0 Throwing
 + Level 3.0 Dodging


You had 2 spell levels left.
You didn't know any spells.
Your spell library was empty.

Dungeon Overview and Level Annotations

Branches:
Dungeon (2/15)

Altars:

Annotations:
D:2 Natasha


Innate Abilities, Weirdness & Mutations

Your plain brown scales are hard. (AC +5)
You cannot fit into any form of body armour.
You are cold-blooded and may be slowed by cold attacks.


Message History

Natasha is heavily wounded.
Natasha casts a spell at you. The magic dart hits you!
The crimson imp barely misses you. The crimson imp closely misses you.
Natasha claws you!
* * * LOW HITPOINT WARNING * * *
You hit Natasha.
Natasha is severely wounded.
Natasha barely misses you.
The crimson imp hits you but does no damage.
You hit Natasha but do no damage.
Natasha is severely wounded.
The crimson imp blinks!
Natasha barely misses you.
You riposte.
You hit Natasha.
Natasha is almost dead.
It was a potion of might.
You feel very mighty all of a sudden.
The shadow imp disappears in a puff of smoke!
Natasha stares at you and mumbles some strange words.
The magic dart hits you!
You die...

#.# . #.# ##
.. # .....
... #.###
#.#. ...
.....##.. ..
#...?...#.###
# #b5....#
#.#h####.#
#.#@###
#.....# #
###.#.##.#
#...5..#
###.#### #.#
#†# #.# #.#


You could see Natasha, a crimson imp (summoned), a shadow imp (summoned) and a
bat.

Vanquished Creatures
  An adder (D:2)
  A dart slug (D:1)
  2 leopard geckos (D:1)
  4 bats
  3 goblins (D:1)
  5 hobgoblins (D:1)
  A kobold (D:1)
  A frilled lizard (D:1)
  A rat (D:1)
19 creatures vanquished.

Notes
Turn   | Place    | Note
-------+----------+-------------------------------------------
     0 | D:1      | KristoblXynda the Draconian Gladiator began the quest for
                  | the Orb.
     0 | D:1      | Reached XP level 1. HP: 17/17 MP: 1/1
   436 | D:1      | Reached XP level 2. HP: 24/25 MP: 2/2
  1071 | D:2      | Noticed Natasha
  1078 | D:2      | Reached XP level 3. HP: 29/30 MP: 3/3
  1086 | D:2      | Killed from afar by Natasha

Illustrated notes

Levels and vault maps discovered:
D:1:      giann_bridges, layout_basic, minmay_octomino_j4
D:2:      layout_loops_cross, nicolae_dithmenos_through_a_glass_darkly,
          uniq_natasha

Skill      XL: |  1  2 |
---------------+-------+-----
Throwing       | 2 |  2.0
Dodging        | 3 |  3.0
Fighting       | |  2.7
Long Blades    | |  3.5

Action                   || total
-------------------------++-------
Melee: Long sword        ||    47
       Tailslap          ||     8
  Use: Potion            ||     1
 Stab: Sleeping          ||     1
Armor: Skin              ||    13
Dodge: Dodged            ||    46
       Rpst.: Long sword ||    10

Table legend: (Time is in decaauts)
 A = Elapsed time spent in this place.
 B = Non-inter-level travel time spent in this place.
 C = Inter-level travel time spent in this place.
 D = Time resting spent in this place.
 E = Time spent auto-exploring this place.
 F = Levels seen in this place.
 G = Mean time per level.
                   A        B        C        D        E       F      G
               +--------+--------+--------+--------+--------+-----+--------+
         Total |   1104 |   1070 |     34 |      0 |    892 |   2 |  552.0 |
       Dungeon |   1104 |   1070 |     34 |      0 |    892 |   2 |  552.0 |
               +--------+--------+--------+--------+--------+-----+--------+

Top non-repeatable levels by time:
     D:1: 1056 daAuts
     D:2: 48 daAuts
